 Dungeon Crawl Stone Soup version 0.30.1-11-g7821555f0a (webtiles) character file.

Game seed: 10335292473610135837

2125 Bronimir the Poker (level 9, -4/56 HPs)
             Began as a Gargoyle Monk on Dec 1, 2023.
             Was a Priest of Okawaru.
             Slain by a two-headed ogre
             ... wielding a +0 giant spiked club
              (27 damage)
             ... on level 8 of the Dungeon.
             The game lasted 00:18:31 (7386 turns).

Bronimir the Poker (Gargoyle Monk)                  Turns: 7386, Time: 00:18:32

Health: -4/56      AC: 17    Str: 19    XL:     9   Next: 29%
Magic:  12/12      EV:  9    Int: 11    God:    Okawaru [***...]
Gold:   298        SH:  0    Dex: 12    Spells: 12/12 levels left

rFire   . . .        a - +0 spear
rCold   . . .        d - orb {light}
rNeg    + . .        y - +0 chain mail
rPois   ∞            (no helmet)
rElec   +            (no cloak)
rCorr   .            r - +0 pair of gloves
SInv    .            (no boots)
Will    .....        (no amulet) Stlth
                     (no ring)
HPRegen 0.29/turn    (no ring)
MPRegen 0.13/turn

%: no passive effects
@: glowing
A: sickness immunity, AC +6, negative energy resistance 1, electricity
resistance, torment resistance 1, petrification resistance
a: Renounce Religion, Heroism


You were on level 8 of the Dungeon.
You worshipped Okawaru.
Okawaru was most pleased with you.
You visited 1 branch of the dungeon, and saw 8 of its levels.

You collected 298 gold pieces.

Inventory:

Hand Weapons
 a - a +0 spear (weapon)
 i - a +0 bardiche
 x - a +0 halberd
 D - the +4 dagger of Grontol {drain, rElec rN+ Will- Dex+8}
   (You took it off a kobold on level 4 of the Dungeon)

   Dex:       It affects your dexterity (+8).
   rElec:     It insulates you from electricity.
   rN:        It protects you from negative energy.
   Will:      It decreases your willpower.
Missiles
 w - a throwing net (quivered)
Armour
 b - a +0 robe
 d - an orb of light (worn)
 e - a +0 leather armour
 r - a +0 pair of gloves (worn)
 y - a +0 chain mail (worn)
 z - a +0 cloak
Wands
 s - a wand of iceblast (9)
Scrolls
 f - 2 scrolls of teleportation
 g - 9 scrolls of identify
 j - a scroll of amnesia {unknown}
 n - 2 scrolls of vulnerability {unknown}
 o - a scroll of silence {unknown}
 q - 5 scrolls of poison {unknown}
 t - 5 scrolls of noise {unknown}
 u - 3 scrolls of enchant armour {unknown}
 v - a scroll of immolation {unknown}
 A - a scroll of enchant weapon {unknown}
 B - 2 scrolls of fear {unknown}
 F - 3 scrolls of blinking {unknown}
 G - a scroll of fog {unknown}
 H - a scroll of summoning {unknown}
Potions
 c - 2 potions of ambrosia
 h - a potion of curing
 k - a potion of mutation {unknown}
 l - 2 potions of degeneration {unknown}
 m - a potion of invisibility {unknown}
 p - a potion of lignification {unknown}
 C - a potion of might {unknown}
 E - a potion of brilliance {unknown}
 J - a potion of resistance {unknown}


   Skills:
 * Level 6.5 Fighting
 * Level 7.8 Polearms
 * Level 5.6 Armour
 + Level 2.9 Dodging
 + Level 0.4 Stealth
 + Level 2.2 Spellcasting
 * Level 2.4 Invocations
 * Level 1.7 Evocations


You had 12 spell levels left.
You didn't know any spells.
Your spell library contained the following spells:

 Spells                   Type           Power      Damage    Failure   Level
 Beastly Appendage        Tmut           2%         N/A       91%         1
 Freeze                   Ice            4%         1d3       91%         1
 Wereblood                Tmut           1%         N/A       97%         2
 Frozen Ramparts          Ice            2%         1d1       100%        3
 Hailstorm                Conj/Ice       1%         3d3       100%        3
 Spider Form              Tmut/Pois      1%         N/A       100%        3
 Volatile Blastmotes      Fire/Tloc      2%         2d10      100%        3
 Fulminant Prism          Conj/Hex       0%         3d5       100%        4
 Iskenderun's Mystic Bla  Conj/Tloc      1%         2d3       100%        4
 Lee's Rapid Deconstruct  Erth           0%         3d4*      100%        5


Dungeon Overview and Level Annotations

Branches:
Dungeon (8/15)             Temple (0/1) D:4
   Lair: D:8-11

Altars:
Cheibriados
Dithmenos
Fedhas
Kikubaaqudgha
Nemelex Xobeh
Okawaru
Ru
Wu Jian
Xom

Annotations:
D:3 3 runed translucent doors, chicagocrazy's ghost, amateur DsFi
D:5 1 runed translucent door, middlethird's ghost, amateur VSTm


Innate Abilities, Weirdness & Mutations

You are immune to sickness and miasma.
Your stone body is resilient. (AC +6)
You are immune to poison.
You resist negative energy. (rN+)
You are resistant to electric shocks. (rElec)
You are resistant to unholy torment.
You are immune to petrification.


Message History

The kobold brigand hits you but does no damage.
You hit the kobold brigand.
The kobold brigand is severely wounded.
You barely miss the kobold brigand.
The kobold brigand is severely wounded.
The kobold brigand misses you.
You hit the kobold brigand.
The kobold brigand is almost dead.
You hit the kobold brigand.
You kill the kobold brigand!
Okawaru accepts your kill.
You hit the two-headed ogre.
The two-headed ogre is lightly wounded.
You hit the two-headed ogre.
The two-headed ogre is lightly wounded.
The two-headed ogre closely misses you.
The two-headed ogre hits you with a +0 giant club.
You hit the two-headed ogre.
The two-headed ogre is lightly wounded.
You hit the two-headed ogre.
The two-headed ogre is lightly wounded.
You hit the two-headed ogre but do no damage.
The two-headed ogre is lightly wounded.
The two-headed ogre hits you with a +0 giant spiked club!
The two-headed ogre hits you with a +0 giant club.
You hit the two-headed ogre but do no damage.
The two-headed ogre is lightly wounded.
You hit the two-headed ogre.
The two-headed ogre is moderately wounded.
You puncture the two-headed ogre!
The two-headed ogre is heavily wounded.
You feel like a meek peon again.
The two-headed ogre hits you with a +0 giant spiked club!
* * * LOW HITPOINT WARNING * * *
The two-headed ogre completely misses you.
You feel better.
You hit the two-headed ogre but do no damage.
The two-headed ogre is heavily wounded.
The two-headed ogre hits you with a +0 giant spiked club!!
You die...

# ###.# .... ..##... #
#####.### ....... #.
........#######.#......#
#.####.....................
.......#.#.##.######....#..
.##....#.#.##.##)###.!....c
...........##'#.@Ozc...#
.......#...#....)##..#.#
..#..#.#...#.....##....#
.....#.#...#.....##o#z.....
....<#.#...#.....##.#...#..
.....#.#...#.....#... .....
.....#.#...#.....###. ....#
.#####.#...#...... . ...) .
.. #####.## .# #...


You could see a two-headed ogre, a centaur and a wight.

Vanquished Creatures
  4 sky beasts
  A centaur (D:5)
  2 kobold brigands
  2 phantoms
  2 bullfrogs
  2 scorpions
  4 killer bees (D:7)
  2 hounds
  5 orc priests
  3 sleepcaps
  6 orc wizards
  4 iguanas
  8 adders
  24 gnolls
  A shadow imp (D:6)
  2 ufetubi
  2 worms
  14 orcs
  4 endoplasms
  3 giant cockroaches
  8 hobgoblins
  4 jackals (D:4)
  13 kobolds
  4 quokkas
  4 ball pythons
  6 bats
  3 frilled lizards
  8 goblins
  4 rats
149 creatures vanquished.

Notes
Turn   | Place    | Note
-------+----------+-------------------------------------------
     0 | D:1      | Bronimir the Gargoyle Monk began the quest for the Orb.
     0 | D:1      | Reached XP level 1. HP: 14/14 MP: 1/1
   319 | D:1      | Reached XP level 2. HP: 14/19 MP: 2/2
   395 | D:1      | Reached skill level 3 in Polearms
   825 | D:2      | Found a shimmering altar of Xom.
   863 | D:2      | Reached XP level 3. HP: 24/24 MP: 3/3
  1098 | D:2      | Reached skill level 1 in Spellcasting
  1276 | D:2      | Reached XP level 4. HP: 29/29 MP: 5/5
  1571 | D:3      | Found a runed translucent gate.
  1628 | D:3      | Found a runed translucent gate.
  1629 | D:3      | Found a runed translucent gate.
  1791 | D:3      | Reached XP level 5. HP: 34/34 MP: 6/6
  1839 | D:3      | Found an iron altar of Okawaru.
  1987 | D:3      | Noticed chicagocrazy's ghost (amateur DsFi)
  2015 | D:3      | Reached skill level 4 in Polearms
  2207 | D:3      | Became a worshipper of Warmaster Okawaru
  2207 | D:3      | Reached * piety under Okawaru
  2207 | D:3      | Reached ** piety under Okawaru
  2369 | D:3      | Reached skill level 1 in Armour
  2491 | D:3      | Found a blossoming altar of Fedhas.
  2495 | D:3      | Reached XP level 6. HP: 39/39 MP: 8/8
  2799 | D:4      | Reached skill level 5 in Fighting
  3195 | D:4      | Reached skill level 5 in Polearms
  3195 | D:4      | Reached XP level 7. HP: 40/44 MP: 10/10
  3240 | D:4      | Found a staircase to the Ecumenical Temple.
  3552 | D:4      | Identified the +4 dagger of Grontol {drain, rElec rN+ Will-
                  | Dex+8}
  3707 | D:5      | Entered Level 5 of the Dungeon
  3710 | D:5      | Found a runed translucent door.
  3955 | D:5      | Found a shadowy altar of Dithmenos.
  4143 | D:5      | Found a sacrificial altar of Ru.
  4168 | D:5      | Reached skill level 1 in Invocations
  4265 | D:5      | Reached XP level 8. HP: 50/51 MP: 11/11
  4668 | D:5      | Reached skill level 6 in Polearms
  5019 | D:5      | Noticed middlethird's ghost (amateur VSTm)
  5106 | D:6      | Found a sparkling altar of Nemelex Xobeh.
  5112 | D:6      | Found a snail-covered altar of Cheibriados.
  5147 | D:6      | Reached skill level 1 in Evocations
  5800 | D:6      | Reached *** piety under Okawaru
  6173 | D:7      | Reached skill level 7 in Polearms
  6624 | D:7      | Found an ancient bone altar of Kikubaaqudgha.
  6704 | D:7      | Reached skill level 5 in Armour
  6704 | D:7      | Reached XP level 9. HP: 12/55 MP: 10/12
  6961 | D:7      | Found an ornate altar of the Wu Jian Council.
  7343 | D:8      | Noticed a two-headed ogre
  7386 | D:8      | Slain by a two-headed ogre

Illustrated notes

Levels and vault maps discovered:
D:1:      dpeg_arrival_snail, layout_basic
D:2:      layout_loops_cross, basic_altar
D:3:      layout_basic, mainiacjoe_overflow_24_doors, lemuel_round_altar,
          gammafunk_ghost_icy, chequers_serial_rivers_micro_d
D:4:      layout_basic, minmay_temple_entry_overgrown
D:5:      layout_basic, mainiacjoe_overflow_cross_hatched,
          mainiacjoe_overflow_tiny_flanked, nicolae_overflow_hidden_temple,
          ebering_ghost_reflecting_pool
D:6:      layout_loops_ring, grunt_temple_overflow_open
D:7:      layout_gridville, kiku_gazebo_pond_becter, lemuel_crystal_altar,
          grunt_decor_junction
D:8:      layout_basic, chequers_temple_overflow_minitemple,
          minmay_fractal_squares_5

Skill      XL: |  1  2  3  4  5  6  7  8 |
---------------+-------------------------+-----
Polearms       | 3 4 5 7 |  7.8
Fighting       | 4 5 6 |  6.5
Spellcasting   | 1 2 |  2.2
Armour         | 1 3 5 |  5.6
Invocations    | 1 2 |  2.4
Evocations     | 1 |  1.7
Dodging        | |  2.9
Stealth        | |  0.4

Action                     |  1- 3 |  4- 6 |  7- 9 || total
---------------------------+-------+-------+-------++-------
  Melee: Spear             |   123 |   238 |   566 ||   927
 Invoke: Heroism           |       |     2 |     7 ||     9
  Evoke: Wand              |       |       |     1 ||     1
    Use: Scroll            |       |     2 |       ||     2
         Potion            |       |     2 |     7 ||     9
 Armour: Leather armour    |    31 |    54 |       ||    85
         Robe              |     1 |       |       ||     1
         Chain mail        |       |    13 |   299 ||   312
  Dodge: Dodged            |    43 |   133 |   201 ||   377
